Login

Wilkes-Barre/Scranton Penguins vs Hershey Bears

Created - 04 May 2024 at 23:02

Goals
1 2 3 T
Wilkes-Barre/Scranton Penguins 0 1 2 3
Hershey Bears 2 2 2 6
Shots
1 2 3 T
Wilkes-Barre/Scranton Penguins 8 10 8 26
Hershey Bears 11 11 8 30

GoalsPenalties
1st period
1. Hershey Bears , Adam Cracknell 8 (Henrik Borgstrom 12, Vincent Iorio 13) at 8:47 (SH)
2. Hershey Bears , Henrik Borgstrom 8 (Ethen Frank 11) at 18:37
Xavier Ouellet (WBS) for High sticking (Minor) at 3:07
Ethen Frank (HER) for Boarding (Minor) at 7:49
2nd period
3. Hershey Bears , CJ Suess 6 (Henrik Borgstrom 13, Ethen Frank 12) at 0:10
4. Wilkes-Barre/Scranton Penguins , Raivis Ansons 6 (Xavier Ouellet 4, Corey Andonovski 3) at 10:36
5. Hershey Bears , Ethen Frank 11 (Vincent Iorio 14, Henrik Borgstrom 14) at 14:48
CJ Suess (HER) for Roughing (Minor) at 4:42
3rd period
6. Wilkes-Barre/Scranton Penguins , Radim Zohorna 5 (Jansen Harkins 9) at 2:02
7. Hershey Bears , Alex Limoges 9 (Connor McMichael 15, Nicolas Aube-Kubel 4) at 5:35
8. Wilkes-Barre/Scranton Penguins , Filip Hallander 10 (Raivis Ansons 4, Ryan Shea 7) at 9:10
9. Hershey Bears , Henrik Borgstrom 9 (Ivan Chukarov 3) at 14:19
Dmitri Samorukov (WBS) for Hooking (Minor) at 6:31
Chase Priskie (HER) for Holding (Minor) at 11:44
Nicolas Aube-Kubel (HER) for Slashing (Minor) at 16:51
Goalie Stats
Taylor Gauthier (WBS), 11 saves from 15 shots - (0.733), L, 2-4-1, 34:48 minutes
Filip Lindberg (WBS), 13 saves from 15 shots - (0.867), 25:12 minutes
Jon Gillies (HER), 23 saves from 26 shots - (0.885), W, 10-5-0, 60:00 minutes
3 StarsOfficial
1 - Henrik Borgstrom (HER)
2 - Ethen Frank (HER)
3 - Vincent Iorio (HER)
Referees : Dan Kelly and Kenny Anderson
Linesman : Jim Harper and Pierre Racicot
Game Note
Filip Lindberg enters game at 14:48 of 2nd period
Finance
Level 1 -- Attendance: 1908 (95.40%) -- Ticket Income $66,780
Level 2 -- Attendance: 903 (90.30%) -- Ticket Income $13,545
Total Attendance: 2811 (93.70%)
Total Ticket Income: $80,325
Other Income: $39,359
Total Income: $119,684



Team Name Goals Shots Shots Attemp Shots Blocked PIM HIT PP PK FO%
Wilkes-Barre/Scranton Penguins 32647154250 / 4 (0%)031%
Hershey Bears 6306258170 / 2 (0%)069%

Wilkes-Barre/Scranton Penguins
Player Name POS G A P +/- PIM HIT SHT SB MP PP MP PP SHT PK MP PK SHT FO% FOT GA TA
Alex NylanderLW000-3022221:584:2602:12050% 210
Corey AndonovskiRW0111023011:490:0000:0000% 020
Dmitri SamorukovD000-1201126:053:3201:0700% 010
Filip HallanderC1011015012:410:2800:38033% 910
Jack St-IvanyD000-2010111:510:4900:0000% 000
Jansen HarkinsC0110012017:033:2601:08018% 1110
John LudvigD0000030220:093:3501:5100% 000
Jonathan GrudenC000-101118:550:0400:0000% 210
Jordan FrascaLW000-101008:560:0000:0000% 000
Lukas SvejkovskyRW000-100108:450:0000:0000% 000
Marc JohnstoneRW0000000215:453:2600:0000% 011
Radim ZohornaLW1010065117:033:2601:0800% 011
Raivis AnsonsLW1121001112:240:0000:3800% 001
Ryan SheaD0110010119:443:3501:2600% 000
Valtteri PuustinenRW000-3000019:264:0600:0000% 001
Vinnie HinostrozaC000-3045221:584:2602:12035% 3103
Will ButcherD000-1020027:513:3202:3200% 011
Xavier OuelletD011-2200113:370:4901:0000% 002
Hershey Bears
Player Name POS G A P +/- PIM HIT SHT SB MP PP MP PP SHT PK MP PK SHT FO% FOT GA TA
Adam CracknellLW101-1021117:242:0202:59150% 400
Alex LimogesLW1011012015:561:5200:4000% 100
Chase PriskieD0000212016:030:2600:0000% 002
CJ SuessLW1014201013:440:0000:0000% 011
Connor McMichaelC0111035019:281:5204:14086% 2220
Daniil ZhuravlyovD000-1001018:321:3403:3300% 001
Dylan McIlrathD0004031225:582:2404:2000% 000
Ethen FrankRW1234205015:411:5200:0000% 012
Evan PoleiLW000-101008:160:0000:0000% 000
Henrik BorgstromC2355003016:170:0402:10068% 1921
Ivan ChukarovD0110010015:300:0000:0300% 001
Joe SnivelyC000-2002014:252:0200:00050% 600
Kristians RubinsD000-1010018:421:3403:3600% 001
Matthew PhillipsRW000-2002014:252:0200:0000% 021
Michael SgarbossaC000-1021010:250:0002:0700% 200
Nicolas Aube-KubelRW0111223017:220:0403:420100% 110
Pierrick DubeRW000-100008:380:0400:0000% 000
Vincent IorioD0224001225:141:5804:2000% 010

Wilkes-Barre/Scranton Penguins

5 vs 5 Forward
Line #Left WingCenterRight WingPHYDFOFWanted %Time %Time Play
1Alex NylanderVinnie HinostrozaValtteri Puustinen1224032%15:26
2Radim ZohornaJansen HarkinsMarc Johnstone1223026%12:29
3Raivis AnsonsFilip HallanderCorey Andonovski1222024%11:26
4Jordan FrascaJonathan GrudenLukas Svejkovsky1221018%8:45
5 vs 5 Defense
Line #DefenseDefensePHYDFOFWanted %Time %Time Play
1Dmitri SamorukovWill Butcher1224039%18:52
2Ryan SheaJohn Ludvig1223032%15:17
3Xavier OuelletJack St-Ivany1222023%11:02
4Dmitri SamorukovWill Butcher122106%2:55
Power Play Forward
Line #Left WingCenterRight WingPHYDFOFWanted %Time %Time Play
1Alex NylanderVinnie HinostrozaValtteri Puustinen1226057%4:30
2Radim ZohornaJansen HarkinsMarc Johnstone1224043%3:26
Power Play Defense
Line #DefenseDefensePHYDFOFWanted %Time %Time Play
1Dmitri SamorukovWill Butcher1226055%4:21
2Ryan SheaJohn Ludvig1224045%3:35
Penalty Kill 4 Players Forward
Line #CenterWingPHYDFOFWanted %Time %Time Play
1Vinnie HinostrozaAlex Nylander1226071%2:50
2Jansen HarkinsRadim Zohorna1224029%1:08
Penalty Kill 4 Players Defense
Line #DefenseDefensePHYDFOFWanted %Time %Time Play
1Dmitri SamorukovWill Butcher1226064%2:32
2Ryan SheaJohn Ludvig1224036%1:26
Penalty Kill 3 Players
Line #WingPHYDFOFWanted %Time %Time PlayDefenseDefensePHYDFOFWanted %Time %Time Play
1Vinnie Hinostroza122600%0:00 Dmitri SamorukovWill Butcher122600%0:00
2Jansen Harkins122400%0:00 Ryan SheaJohn Ludvig122400%0:00
4 vs 4 Forward
Line #CenterWingPHYDFOFWanted %Time %Time Play
1Vinnie HinostrozaAlex Nylander122600%0:00
2Jansen HarkinsRadim Zohorna122400%0:00
4 vs 4 Defense
Line #DefensePHYDFOFWanted %Time %Time Play
1Dmitri SamorukovWill Butcher122600%0:00
2Ryan SheaJohn Ludvig122400%0:00
Last Minutes Offensive
Left WingCenterRight WingDefenseDefense
Alex NylanderVinnie HinostrozaValtteri PuustinenDmitri SamorukovWill Butcher
Last Minutes Defensive
Left WingCenterRight WingDefenseDefense
Alex NylanderVinnie HinostrozaValtteri PuustinenDmitri SamorukovWill Butcher
Time
Total ForwardTotal DefenseLast Minutes OffensiveLast Minutes Defensive
60:00 60:00 0:000:00
Extra Forwards
Normal PowerPlayPenalty Kill
Filip Hallander, Jonathan Gruden, Valtteri PuustinenFilip Hallander, Jonathan GrudenFilip Hallander
Extra Defensemen
Normal PowerPlayPenalty Kill
John Ludvig, Xavier Ouellet, Jack St-IvanyJohn Ludvig, John LudvigXavier Ouellet
Penalty Shots
Vinnie Hinostroza, Alex Nylander, Jansen Harkins, Radim Zohorna, Filip Hallander
Goalie
Taylor Gauthier, Filip Lindberg
Custom OT Lines Forwards
Vinnie Hinostroza, Alex Nylander, Jansen Harkins, Radim Zohorna, Filip Hallander, Jonathan Gruden, Valtteri Puustinen, Marc Johnstone, Corey Andonovski, Lukas Svejkovsky
Custom OT Lines Defensemen
Dmitri Samorukov, Will Butcher, Ryan Shea, John Ludvig, Xavier Ouellet
Scratches
Jack Rathbone (Healthy), Joel Blomqvist (Healthy), Magnus Hellberg (Healthy)

Hershey Bears

5 vs 5 Forward
Line #Left WingCenterRight WingPHYDFOFWanted %Time %Time Play
1Adam CracknellJoe SnivelyMatthew Phillips1223028%13:29
2Alex LimogesConnor McMichaelNicolas Aube-Kubel1223027%12:59
3CJ SuessHenrik BorgstromEthen Frank1223028%13:22
4Evan PoleiMichael SgarbossaPierrick Dube1221017%8:16
5 vs 5 Defense
Line #DefenseDefensePHYDFOFWanted %Time %Time Play
1Dylan McIlrathVincent Iorio1224040%19:21
2Daniil ZhuravlyovKristians Rubins1223028%13:25
3Chase PriskieIvan Chukarov1223032%15:20
4Dylan McIlrathVincent Iorio12200%0:00
Power Play Forward
Line #Left WingCenterRight WingPHYDFOFWanted %Time %Time Play
1Adam CracknellJoe SnivelyMatthew Phillips1226053%2:06
2Alex LimogesConnor McMichaelEthen Frank1224047%1:52
Power Play Defense
Line #DefenseDefensePHYDFOFWanted %Time %Time Play
1Dylan McIlrathVincent Iorio1226061%2:24
2Daniil ZhuravlyovKristians Rubins1224039%1:34
Penalty Kill 4 Players Forward
Line #CenterWingPHYDFOFWanted %Time %Time Play
1Connor McMichaelNicolas Aube-Kubel1226085%6:43
2Henrik BorgstromAdam Cracknell1224015%1:13
Penalty Kill 4 Players Defense
Line #DefenseDefensePHYDFOFWanted %Time %Time Play
1Dylan McIlrathVincent Iorio1226055%4:23
2Daniil ZhuravlyovKristians Rubins1224045%3:33
Penalty Kill 3 Players
Line #WingPHYDFOFWanted %Time %Time PlayDefenseDefensePHYDFOFWanted %Time %Time Play
1Nicolas Aube-Kubel122600%0:00 Dylan McIlrathVincent Iorio122600%0:00
2Henrik Borgstrom122400%0:00 Daniil ZhuravlyovKristians Rubins122400%0:00
4 vs 4 Forward
Line #CenterWingPHYDFOFWanted %Time %Time Play
1Joe SnivelyMatthew Phillips122600%0:00
2Connor McMichaelAdam Cracknell122400%0:00
4 vs 4 Defense
Line #DefensePHYDFOFWanted %Time %Time Play
1Dylan McIlrathVincent Iorio122600%0:00
2Daniil ZhuravlyovKristians Rubins122400%0:00
Last Minutes Offensive
Left WingCenterRight WingDefenseDefense
Adam CracknellJoe SnivelyMatthew PhillipsDylan McIlrathVincent Iorio
Last Minutes Defensive
Left WingCenterRight WingDefenseDefense
Adam CracknellJoe SnivelyNicolas Aube-KubelDylan McIlrathVincent Iorio
Time
Total ForwardTotal DefenseLast Minutes OffensiveLast Minutes Defensive
60:00 60:00 0:000:00
Extra Forwards
Normal PowerPlayPenalty Kill
Nicolas Aube-Kubel, Henrik Borgstrom, Michael SgarbossaNicolas Aube-Kubel, Henrik BorgstromMichael Sgarbossa
Extra Defensemen
Normal PowerPlayPenalty Kill
Chase Priskie, Ivan Chukarov, Daniil ZhuravlyovChase Priskie, Ivan ChukarovDaniil Zhuravlyov
Penalty Shots
Joe Snively, Matthew Phillips, Connor McMichael, Adam Cracknell, Henrik Borgstrom
Goalie
Jon Gillies, Hunter Shepard
Custom OT Lines Forwards
Joe Snively, Matthew Phillips, Connor McMichael, Nicolas Aube-Kubel, Adam Cracknell, Henrik Borgstrom, Alex Limoges, Michael Sgarbossa, CJ Suess, Ethen Frank
Custom OT Lines Defensemen
Dylan McIlrath, Vincent Iorio, Daniil Zhuravlyov, Kristians Rubins, Chase Priskie
Scratches
Billy Constantinou (Healthy), Pavel Gogolev (Healthy), Lucas Johansen (Healthy), Patrick Khodorenko (Healthy), Hendrix Lapierre (Healthy) Justin Nachbaur (Healthy), Henrik Rybinski (Healthy), Zach Senyshyn (Healthy), Riley Sutter (Healthy), Bogdan Trineyev (Healthy) Kirill Tyutyayev (Healthy), Clay Stevenson (Healthy)


Play-by-Play

1st period


0:01 of 1st period - Joe Snively wins face-off versus Alex Nylander in neutral zone.
0:26 of 1st period - Connor McMichael is hit by Jansen Harkins and loses puck.
0:31 of 1st period - Snap shot by Jansen Harkins.
0:31 of 1st period - Shot Blocked by Dylan McIlrath.
0:33 of 1st period - Slapshot by Ryan Shea.
0:33 of 1st period - Shot Blocked by Vincent Iorio.
0:35 of 1st period - Wrist shot by Jansen Harkins.
0:35 of 1st period - Stopped by Jon Gillies with a rebound.
0:49 of 1st period - Vincent Iorio is hit by John Ludvig and loses puck.
1:16 of 1st period - Vincent Iorio is hit by Jack St-Ivany and loses puck.
1:53 of 1st period - Wrist shot by Matthew Phillips.
1:53 of 1st period - Stopped by Taylor Gauthier with a rebound.
2:45 of 1st period - Snap shot by Filip Hallander.
2:45 of 1st period - Deflect By Corey Andonovski.
2:45 of 1st period - Shot Misses the Net.
2:45 of 1st period - Puck is out of play.
2:46 of 1st period - Adam Cracknell wins face-off versus Vinnie Hinostroza in Hershey Bears zone.
2:55 of 1st period - Snap shot by Matthew Phillips.
2:55 of 1st period - Shot Misses the Net.
2:57 of 1st period - Snap shot by Matthew Phillips.
2:57 of 1st period - Stopped by Taylor Gauthier with a rebound.
3:07 of 1st period - Minor Penalty to Xavier Ouellet for High sticking.
3:08 of 1st period - Vinnie Hinostroza wins face-off versus Joe Snively in Wilkes-Barre/Scranton Penguins zone.
3:19 of 1st period - Alex Nylander is hit by Adam Cracknell and loses puck.
5:07 of 1st period - Penalty to Xavier Ouellet is over, Xavier Ouellet is back on ice.
5:41 of 1st period - Snap shot by Filip Hallander.
5:41 of 1st period - Stopped by Jon Gillies without a rebound.
5:42 of 1st period - Henrik Borgstrom wins face-off versus Filip Hallander in Hershey Bears zone.
6:18 of 1st period - Wrist shot by Joe Snively.
6:18 of 1st period - Stopped by Taylor Gauthier with a rebound.
6:59 of 1st period - Vincent Iorio is hit by Radim Zohorna and loses puck.
7:09 of 1st period - Icing by Ethen Frank.
7:10 of 1st period - Connor McMichael wins face-off versus Filip Hallander in Hershey Bears zone.
7:17 of 1st period - Filip Hallander is hit by Dylan McIlrath and loses puck.
7:46 of 1st period - Backhand shot by Alex Nylander.
7:46 of 1st period - Stopped by Jon Gillies without a rebound.
7:47 of 1st period - Henrik Borgstrom wins face-off versus Jansen Harkins in Hershey Bears zone.
7:49 of 1st period - Minor Penalty to Ethen Frank for Boarding.
7:50 of 1st period - Connor McMichael wins face-off versus Vinnie Hinostroza in Hershey Bears zone.
8:41 of 1st period - Icing by Ryan Shea.
8:42 of 1st period - Henrik Borgstrom wins face-off versus Vinnie Hinostroza in Wilkes-Barre/Scranton Penguins zone.
8:47 of 1st period - Snap shot by Adam Cracknell.
8:47 of 1st period - Goal by Adam Cracknell - Wilkes-Barre/Scranton Penguins : 0 - Hershey Bears : 1.
8:48 of 1st period - Connor McMichael wins face-off versus Vinnie Hinostroza in neutral zone.
9:49 of 1st period - Penalty to Ethen Frank is over, Ethen Frank is back on ice.
10:19 of 1st period - Wrist shot by Connor McMichael.
10:19 of 1st period - Stopped by Taylor Gauthier with a rebound.
10:24 of 1st period - Off-side.
10:25 of 1st period - Vinnie Hinostroza wins face-off versus Henrik Borgstrom in neutral zone.
10:36 of 1st period - Wrist shot by Alex Nylander.
10:36 of 1st period - Shot Misses the Net.
11:04 of 1st period - Off-side.
11:05 of 1st period - Filip Hallander wins face-off versus Michael Sgarbossa in neutral zone.
11:30 of 1st period - Chase Priskie is hit by Radim Zohorna and loses puck.
11:55 of 1st period - Wrist shot by Vinnie Hinostroza.
11:55 of 1st period - Shot Misses the Net.
11:57 of 1st period - Snap shot by Vinnie Hinostroza.
11:57 of 1st period - Shot Misses the Net.
12:01 of 1st period - Wrist shot by Alex Nylander.
12:01 of 1st period - Shot Misses the Net.
12:03 of 1st period - Wrist shot by Vinnie Hinostroza.
12:03 of 1st period - Stopped by Jon Gillies with a rebound.
12:22 of 1st period - Wrist shot by Ethen Frank.
12:22 of 1st period - Stopped by Taylor Gauthier with a rebound.
12:24 of 1st period - Slapshot by Vincent Iorio.
12:24 of 1st period - Shot Blocked by Jonathan Gruden.
12:38 of 1st period - Corey Andonovski is hit by Nicolas Aube-Kubel and loses puck.
13:59 of 1st period - Nicolas Aube-Kubel is hit by Filip Hallander and loses puck.
14:27 of 1st period - Wrist shot by Filip Hallander.
14:27 of 1st period - Stopped by Jon Gillies without a rebound.
14:28 of 1st period - Connor McMichael wins face-off versus Filip Hallander in Hershey Bears zone.
14:28 of 1st period - Connor McMichael is hit by Corey Andonovski.
14:35 of 1st period - Off-side.
14:36 of 1st period - Vinnie Hinostroza wins face-off versus Henrik Borgstrom in neutral zone.
15:32 of 1st period - Backhand shot by Joe Snively.
15:32 of 1st period - Stopped by Taylor Gauthier with a rebound.
16:18 of 1st period - Snap shot by Ethen Frank.
16:18 of 1st period - Shot Blocked by Dmitri Samorukov.
16:32 of 1st period - Slapshot by Matthew Phillips.
16:32 of 1st period - Shot Blocked by Vinnie Hinostroza.
16:52 of 1st period - Snap shot by Connor McMichael.
16:52 of 1st period - Deflect By Nicolas Aube-Kubel.
16:52 of 1st period - Stopped by Taylor Gauthier with a rebound.
17:00 of 1st period - Snap shot by Radim Zohorna.
17:00 of 1st period - Deflect By Jansen Harkins.
17:00 of 1st period - Stopped by Jon Gillies with a rebound.
17:30 of 1st period - Henrik Borgstrom is hit by Jordan Frasca and loses puck.
17:39 of 1st period - Snap shot by Lukas Svejkovsky.
17:39 of 1st period - Stopped by Jon Gillies with a rebound.
18:15 of 1st period - Nicolas Aube-Kubel is hit by John Ludvig.
18:22 of 1st period - Icing by Alex Limoges.
18:23 of 1st period - Connor McMichael wins face-off versus Filip Hallander in Hershey Bears zone.
18:37 of 1st period - Wrist shot by Henrik Borgstrom.
18:37 of 1st period - Goal by Henrik Borgstrom - Wilkes-Barre/Scranton Penguins : 0 - Hershey Bears : 2.
18:38 of 1st period - Connor McMichael wins face-off versus Vinnie Hinostroza in neutral zone.
18:40 of 1st period - Off-side.
18:41 of 1st period - Connor McMichael wins face-off versus Vinnie Hinostroza in neutral zone.
18:46 of 1st period - Snap shot by Nicolas Aube-Kubel.
18:46 of 1st period - Stopped by Taylor Gauthier without a rebound.
18:47 of 1st period - Vinnie Hinostroza wins face-off versus Alex Limoges in Wilkes-Barre/Scranton Penguins zone.
19:21 of 1st period - Wrist shot by Nicolas Aube-Kubel.
19:21 of 1st period - Stopped by Taylor Gauthier without a rebound.
19:22 of 1st period - Henrik Borgstrom wins face-off versus Jansen Harkins in Wilkes-Barre/Scranton Penguins zone.
19:23 of 1st period - Wrist shot by Ethen Frank.
19:23 of 1st period - Shot Misses the Net.
19:33 of 1st period - Snap shot by Jansen Harkins.
19:33 of 1st period - Shot Hit the Post.
19:47 of 1st period - Filip Hallander is hit by Chase Priskie.
19:53 of 1st period - Snap shot by Corey Andonovski.
19:53 of 1st period - Stopped by Jon Gillies with a rebound.
Goals for this period are 0 for Wilkes-Barre/Scranton Penguins vs 2 for Hershey Bears.
Shots for this period are 8 for Wilkes-Barre/Scranton Penguins vs 11 for Hershey Bears.

2nd period


0:01 of 2nd period - Henrik Borgstrom wins face-off versus Vinnie Hinostroza in neutral zone.
0:10 of 2nd period - Backhand shot by CJ Suess.
0:10 of 2nd period - Goal by CJ Suess - Wilkes-Barre/Scranton Penguins : 0 - Hershey Bears : 3.
0:11 of 2nd period - Vinnie Hinostroza wins face-off versus Henrik Borgstrom in neutral zone.
0:18 of 2nd period - Snap shot by Vinnie Hinostroza.
0:18 of 2nd period - Shot Misses the Net.
0:28 of 2nd period - Dmitri Samorukov is hit by Dylan McIlrath and loses puck.
0:43 of 2nd period - Snap shot by Joe Snively.
0:43 of 2nd period - Shot Blocked by Ryan Shea.
0:45 of 2nd period - Slapshot by Dylan McIlrath.
0:45 of 2nd period - Shot Misses the Net.
0:47 of 2nd period - Snap shot by Joe Snively.
0:47 of 2nd period - Shot Blocked by Radim Zohorna.
0:49 of 2nd period - Snap shot by Adam Cracknell.
0:49 of 2nd period - Shot Blocked by John Ludvig.
0:51 of 2nd period - Snap shot by Dylan McIlrath.
0:51 of 2nd period - Stopped by Taylor Gauthier with a rebound.
1:40 of 2nd period - Evan Polei is hit by Vinnie Hinostroza and loses puck.
1:59 of 2nd period - Pierrick Dube is hit by Radim Zohorna and loses puck.
2:24 of 2nd period - Kristians Rubins is hit by Corey Andonovski and loses puck.
3:09 of 2nd period - Dmitri Samorukov is hit by Nicolas Aube-Kubel and loses puck.
4:00 of 2nd period - Dmitri Samorukov is hit by Dylan McIlrath and loses puck.
4:13 of 2nd period - Dmitri Samorukov is hit by Adam Cracknell and loses puck.
4:26 of 2nd period - Slapshot by Vinnie Hinostroza.
4:26 of 2nd period - Stopped by Jon Gillies with a rebound.
4:30 of 2nd period - Wrist shot by Alex Nylander.
4:30 of 2nd period - Shot Misses the Net.
4:32 of 2nd period - Slapshot by Dmitri Samorukov.
4:32 of 2nd period - Stopped by Jon Gillies with a rebound.
4:34 of 2nd period - Snap shot by Will Butcher.
4:34 of 2nd period - Shot Misses the Net.
4:36 of 2nd period - Snap shot by Valtteri Puustinen.
4:36 of 2nd period - Shot Misses the Net.
4:42 of 2nd period - Minor Penalty to CJ Suess for Roughing.
4:43 of 2nd period - Connor McMichael wins face-off versus Vinnie Hinostroza in Hershey Bears zone.
5:08 of 2nd period - Connor McMichael is hit by Radim Zohorna and loses puck.
6:42 of 2nd period - Penalty to CJ Suess is over, CJ Suess is back on ice.
6:49 of 2nd period - Jonathan Gruden is hit by Alex Limoges and loses puck.
7:10 of 2nd period - Wrist shot by CJ Suess.
7:10 of 2nd period - Shot Blocked by Marc Johnstone.
8:32 of 2nd period - Off-side.
8:33 of 2nd period - Henrik Borgstrom wins face-off versus Filip Hallander in neutral zone.
8:42 of 2nd period - Snap shot by CJ Suess.
8:42 of 2nd period - Shot Misses the Net.
8:45 of 2nd period - Icing by Raivis Ansons.
8:46 of 2nd period - Connor McMichael wins face-off versus Filip Hallander in Wilkes-Barre/Scranton Penguins zone.
9:01 of 2nd period - Snap shot by Connor McMichael.
9:01 of 2nd period - Stopped by Taylor Gauthier with a rebound.
9:07 of 2nd period - Wrist shot by Filip Hallander.
9:07 of 2nd period - Stopped by Jon Gillies with a rebound.
9:09 of 2nd period - Wrist shot by Corey Andonovski.
9:09 of 2nd period - Stopped by Jon Gillies with a rebound.
9:11 of 2nd period - Wrist shot by Corey Andonovski.
9:11 of 2nd period - Stopped by Jon Gillies without a rebound.
9:12 of 2nd period - Alex Nylander wins face-off versus Adam Cracknell in Hershey Bears zone.
9:17 of 2nd period - Wrist shot by Valtteri Puustinen.
9:17 of 2nd period - Shot Misses the Net.
9:19 of 2nd period - Snap shot by Will Butcher.
9:19 of 2nd period - Deflect By Vinnie Hinostroza.
9:19 of 2nd period - Shot Misses the Net.
9:19 of 2nd period - Puck is out of play.
9:20 of 2nd period - Connor McMichael wins face-off versus Vinnie Hinostroza in Hershey Bears zone.
9:27 of 2nd period - Wrist shot by Nicolas Aube-Kubel.
9:27 of 2nd period - Shot Blocked by Alex Nylander.
9:35 of 2nd period - Alex Limoges is hit by Vinnie Hinostroza and loses puck.
9:40 of 2nd period - Snap shot by Vinnie Hinostroza.
9:40 of 2nd period - Stopped by Jon Gillies without a rebound.
9:41 of 2nd period - Jansen Harkins wins face-off versus Henrik Borgstrom in Hershey Bears zone.
10:06 of 2nd period - Alex Limoges is hit by Alex Nylander and loses puck.
10:15 of 2nd period - Alex Limoges is hit by Alex Nylander and loses puck.
10:34 of 2nd period - Slapshot by Corey Andonovski.
10:34 of 2nd period - Shot Blocked by Adam Cracknell.
10:36 of 2nd period - Slapshot by Xavier Ouellet.
10:36 of 2nd period - Deflect By Raivis Ansons.
10:36 of 2nd period - Goal by Raivis Ansons - Wilkes-Barre/Scranton Penguins : 1 - Hershey Bears : 3.
10:37 of 2nd period - Connor McMichael wins face-off versus Vinnie Hinostroza in neutral zone.
10:52 of 2nd period - Wrist shot by Alex Nylander.
10:52 of 2nd period - Stopped by Jon Gillies without a rebound.
10:53 of 2nd period - Jansen Harkins wins face-off versus Henrik Borgstrom in Hershey Bears zone.
10:54 of 2nd period - Wrist shot by Radim Zohorna.
10:54 of 2nd period - Stopped by Jon Gillies with a rebound.
12:20 of 2nd period - CJ Suess is hit by Ryan Shea and loses puck.
13:56 of 2nd period - Slapshot by Dmitri Samorukov.
13:56 of 2nd period - Shot Misses the Net.
14:44 of 2nd period - Snap shot by Ethen Frank.
14:44 of 2nd period - Deflect By Henrik Borgstrom.
14:44 of 2nd period - Shot Blocked by Xavier Ouellet.
14:44 of 2nd period - Puck is out of play.
14:45 of 2nd period - Henrik Borgstrom wins face-off versus Jansen Harkins in Wilkes-Barre/Scranton Penguins zone.
14:48 of 2nd period - Wrist shot by Ethen Frank.
14:48 of 2nd period - Goal by Ethen Frank - Wilkes-Barre/Scranton Penguins : 1 - Hershey Bears : 4.
14:48 of 2nd period - Filip Lindberg enters game.
14:49 of 2nd period - Vinnie Hinostroza wins face-off versus Joe Snively in neutral zone.
15:14 of 2nd period - Will Butcher is hit by Connor McMichael and loses puck.
15:57 of 2nd period - Filip Hallander is hit by Evan Polei and loses puck.
16:06 of 2nd period - Wrist shot by Michael Sgarbossa.
16:06 of 2nd period - Shot Misses the Net.
16:47 of 2nd period - Snap shot by Connor McMichael.
16:47 of 2nd period - Shot Blocked by Raivis Ansons.
16:49 of 2nd period - Slapshot by Vincent Iorio.
16:49 of 2nd period - Stopped by Filip Lindberg with a rebound.
17:13 of 2nd period - Slapshot by Chase Priskie.
17:13 of 2nd period - Deflect By Ryan Shea.
17:13 of 2nd period - Stopped by Filip Lindberg with a rebound.
17:15 of 2nd period - Slapshot by Ivan Chukarov.
17:15 of 2nd period - Shot Misses the Net.
17:17 of 2nd period - Backhand shot by Daniil Zhuravlyov.
17:17 of 2nd period - Stopped by Filip Lindberg with a rebound.
17:21 of 2nd period - Snap shot by Michael Sgarbossa.
17:21 of 2nd period - Stopped by Filip Lindberg with a rebound.
18:01 of 2nd period - Wrist shot by Ethen Frank.
18:01 of 2nd period - Stopped by Filip Lindberg with a rebound.
18:19 of 2nd period - Wrist shot by Connor McMichael.
18:19 of 2nd period - Stopped by Filip Lindberg with a rebound.
18:21 of 2nd period - Wrist shot by Chase Priskie.
18:21 of 2nd period - Stopped by Filip Lindberg without a rebound.
18:22 of 2nd period - Henrik Borgstrom wins face-off versus Jansen Harkins in Wilkes-Barre/Scranton Penguins zone.
19:30 of 2nd period - Jonathan Gruden is hit by Michael Sgarbossa and loses puck.
19:57 of 2nd period - Snap shot by Radim Zohorna.
19:57 of 2nd period - Stopped by Jon Gillies without a rebound.
19:58 of 2nd period - Henrik Borgstrom wins face-off versus Vinnie Hinostroza in Hershey Bears zone.
Goals for this period are 1 for Wilkes-Barre/Scranton Penguins vs 2 for Hershey Bears.
Shots for this period are 10 for Wilkes-Barre/Scranton Penguins vs 11 for Hershey Bears.

3rd period


0:01 of 3rd period - Vinnie Hinostroza wins face-off versus Adam Cracknell in neutral zone.
0:16 of 3rd period - Slapshot by Matthew Phillips.
0:16 of 3rd period - Deflect By Joe Snively.
0:16 of 3rd period - Shot Misses the Net.
0:16 of 3rd period - Puck is out of play.
0:17 of 3rd period - Henrik Borgstrom wins face-off versus Jansen Harkins in Wilkes-Barre/Scranton Penguins zone.
0:31 of 3rd period - Off-side.
0:32 of 3rd period - Connor McMichael wins face-off versus Vinnie Hinostroza in neutral zone.
0:34 of 3rd period - Off-side.
0:35 of 3rd period - Vinnie Hinostroza wins face-off versus Connor McMichael in neutral zone.
0:38 of 3rd period - Wrist shot by Alex Nylander.
0:38 of 3rd period - Shot Blocked by Dylan McIlrath.
1:04 of 3rd period - Wrist shot by Radim Zohorna.
1:04 of 3rd period - Stopped by Jon Gillies without a rebound.
1:05 of 3rd period - Adam Cracknell wins face-off versus Jansen Harkins in Hershey Bears zone.
1:28 of 3rd period - Matthew Phillips is hit by Radim Zohorna.
2:00 of 3rd period - Slapshot by Radim Zohorna.
2:00 of 3rd period - Shot Misses the Net.
2:02 of 3rd period - Snap shot by Radim Zohorna.
2:02 of 3rd period - Goal by Radim Zohorna - Wilkes-Barre/Scranton Penguins : 2 - Hershey Bears : 4.
2:03 of 3rd period - Henrik Borgstrom wins face-off versus Vinnie Hinostroza in neutral zone.
2:30 of 3rd period - Dylan McIlrath is hit by Will Butcher and loses puck.
2:55 of 3rd period - Jordan Frasca is hit by Michael Sgarbossa and loses puck.
3:00 of 3rd period - Snap shot by Michael Sgarbossa.
3:00 of 3rd period - Shot Misses the Net.
3:16 of 3rd period - Wrist shot by Radim Zohorna.
3:16 of 3rd period - Stopped by Jon Gillies with a rebound.
3:50 of 3rd period - Filip Hallander is hit by Connor McMichael and loses puck.
3:59 of 3rd period - Snap shot by Nicolas Aube-Kubel.
3:59 of 3rd period - Shot Misses the Net.
4:34 of 3rd period - Slapshot by Jansen Harkins.
4:34 of 3rd period - Shot Misses the Net.
4:38 of 3rd period - Wrist shot by Radim Zohorna.
4:38 of 3rd period - Shot Blocked by Vincent Iorio.
5:08 of 3rd period - Henrik Borgstrom is hit by John Ludvig and loses puck.
5:13 of 3rd period - Slapshot by Jonathan Gruden.
5:13 of 3rd period - Stopped by Jon Gillies without a rebound.
5:14 of 3rd period - Connor McMichael wins face-off versus Jonathan Gruden in Hershey Bears zone.
5:19 of 3rd period - Wrist shot by Connor McMichael.
5:19 of 3rd period - Stopped by Filip Lindberg without a rebound.
5:20 of 3rd period - Connor McMichael wins face-off versus Vinnie Hinostroza in Wilkes-Barre/Scranton Penguins zone.
5:21 of 3rd period - Snap shot by Nicolas Aube-Kubel.
5:21 of 3rd period - Shot Blocked by Alex Nylander.
5:23 of 3rd period - Wrist shot by Alex Limoges.
5:23 of 3rd period - Shot Misses the Net.
5:25 of 3rd period - Snap shot by Ivan Chukarov.
5:25 of 3rd period - Shot Misses the Net.
5:33 of 3rd period - Snap shot by Connor McMichael.
5:33 of 3rd period - Shot Misses the Net.
5:35 of 3rd period - Snap shot by Alex Limoges.
5:35 of 3rd period - Goal by Alex Limoges - Wilkes-Barre/Scranton Penguins : 2 - Hershey Bears : 5.
5:36 of 3rd period - Vinnie Hinostroza wins face-off versus Henrik Borgstrom in neutral zone.
5:45 of 3rd period - Wrist shot by Vinnie Hinostroza.
5:45 of 3rd period - Stopped by Jon Gillies without a rebound.
5:46 of 3rd period - Henrik Borgstrom wins face-off versus Vinnie Hinostroza in Hershey Bears zone.
5:46 of 3rd period - Henrik Borgstrom is hit by Will Butcher.
6:11 of 3rd period - Wrist shot by Vincent Iorio.
6:11 of 3rd period - Shot Misses the Net.
6:13 of 3rd period - Wrist shot by Ethen Frank.
6:13 of 3rd period - Stopped by Filip Lindberg without a rebound.
6:14 of 3rd period - Connor McMichael wins face-off versus Jansen Harkins in Wilkes-Barre/Scranton Penguins zone.
6:21 of 3rd period - Slapshot by Alex Limoges.
6:21 of 3rd period - Shot Blocked by John Ludvig.
6:23 of 3rd period - Snap shot by Connor McMichael.
6:23 of 3rd period - Stopped by Filip Lindberg with a rebound.
6:25 of 3rd period - Slapshot by Chase Priskie.
6:25 of 3rd period - Shot Misses the Net.
6:27 of 3rd period - Slapshot by Alex Limoges.
6:27 of 3rd period - Deflect By Jansen Harkins.
6:27 of 3rd period - Shot Blocked by Marc Johnstone.
6:27 of 3rd period - Puck is out of play.
6:28 of 3rd period - Joe Snively wins face-off versus Vinnie Hinostroza in Wilkes-Barre/Scranton Penguins zone.
6:29 of 3rd period - Wrist shot by Matthew Phillips.
6:29 of 3rd period - Shot Blocked by Vinnie Hinostroza.
6:31 of 3rd period - Minor Penalty to Dmitri Samorukov for Hooking.
6:32 of 3rd period - Vinnie Hinostroza wins face-off versus Joe Snively in Wilkes-Barre/Scranton Penguins zone.
7:16 of 3rd period - Kristians Rubins is hit by Vinnie Hinostroza and loses puck.
7:42 of 3rd period - Off-side.
7:43 of 3rd period - Connor McMichael wins face-off versus Vinnie Hinostroza in neutral zone.
8:29 of 3rd period - Ethen Frank is hit by Vinnie Hinostroza and loses puck.
8:31 of 3rd period - Penalty to Dmitri Samorukov is over, Dmitri Samorukov is back on ice.
8:48 of 3rd period - Xavier Ouellet is hit by Kristians Rubins and loses puck.
9:00 of 3rd period - Icing by Ivan Chukarov.
9:01 of 3rd period - Filip Hallander wins face-off versus Michael Sgarbossa in Hershey Bears zone.
9:06 of 3rd period - Snap shot by Filip Hallander.
9:06 of 3rd period - Stopped by Jon Gillies with a rebound.
9:08 of 3rd period - Snap shot by Raivis Ansons.
9:08 of 3rd period - Shot Misses the Net.
9:10 of 3rd period - Wrist shot by Filip Hallander.
9:10 of 3rd period - Goal by Filip Hallander - Wilkes-Barre/Scranton Penguins : 3 - Hershey Bears : 5.
9:11 of 3rd period - Connor McMichael wins face-off versus Vinnie Hinostroza in neutral zone.
9:24 of 3rd period - Snap shot by Vinnie Hinostroza.
9:24 of 3rd period - Stopped by Jon Gillies with a rebound.
9:38 of 3rd period - Adam Cracknell is hit by Radim Zohorna.
9:39 of 3rd period - Icing by Adam Cracknell.
9:40 of 3rd period - Joe Snively wins face-off versus Jansen Harkins in Hershey Bears zone.
11:44 of 3rd period - Minor Penalty to Chase Priskie for Holding.
11:45 of 3rd period - Connor McMichael wins face-off versus Vinnie Hinostroza in Hershey Bears zone.
11:55 of 3rd period - Valtteri Puustinen is hit by Connor McMichael and loses puck.
13:44 of 3rd period - Penalty to Chase Priskie is over, Chase Priskie is back on ice.
14:19 of 3rd period - Slapshot by Henrik Borgstrom.
14:19 of 3rd period - Goal by Henrik Borgstrom - Wilkes-Barre/Scranton Penguins : 3 - Hershey Bears : 6.
14:20 of 3rd period - Henrik Borgstrom wins face-off versus Jansen Harkins in neutral zone.
14:29 of 3rd period - Snap shot by Henrik Borgstrom.
14:29 of 3rd period - Stopped by Filip Lindberg with a rebound.
14:33 of 3rd period - Wrist shot by Ethen Frank.
14:33 of 3rd period - Stopped by Filip Lindberg with a rebound.
14:35 of 3rd period - Wrist shot by Henrik Borgstrom.
14:35 of 3rd period - Shot Hit the Post.
15:03 of 3rd period - Off-side.
15:04 of 3rd period - Filip Hallander wins face-off versus Connor McMichael in neutral zone.
15:40 of 3rd period - Vinnie Hinostroza is hit by Ivan Chukarov and loses puck.
15:57 of 3rd period - Wrist shot by Matthew Phillips.
15:57 of 3rd period - Shot Misses the Net.
15:59 of 3rd period - Slapshot by Joe Snively.
15:59 of 3rd period - Shot Blocked by Jack St-Ivany.
16:23 of 3rd period - Icing by Xavier Ouellet.
16:24 of 3rd period - Connor McMichael wins face-off versus Jonathan Gruden in Wilkes-Barre/Scranton Penguins zone.
16:29 of 3rd period - Snap shot by Connor McMichael.
16:29 of 3rd period - Deflect By Alex Limoges.
16:29 of 3rd period - Stopped by Filip Lindberg without a rebound.
16:30 of 3rd period - Nicolas Aube-Kubel wins face-off versus Vinnie Hinostroza in Wilkes-Barre/Scranton Penguins zone.
16:35 of 3rd period - Wrist shot by Connor McMichael.
16:35 of 3rd period - Shot Misses the Net.
16:51 of 3rd period - Minor Penalty to Nicolas Aube-Kubel for Slashing.
16:52 of 3rd period - Vinnie Hinostroza wins face-off versus Connor McMichael in Hershey Bears zone.
18:51 of 3rd period - Penalty to Nicolas Aube-Kubel is over, Nicolas Aube-Kubel is back on ice.
18:58 of 3rd period - Chase Priskie is hit by Jonathan Gruden and loses puck.
Goals for this period are 2 for Wilkes-Barre/Scranton Penguins vs 2 for Hershey Bears.
Shots for this period are 8 for Wilkes-Barre/Scranton Penguins vs 8 for Hershey Bears.